 Dungeon Crawl Stone Soup version 0.32-a0-918-g0f22ef8d61 (webtiles) character file.

Game seed: 16865219222477693287

19005 spaghetti the Warrior (level 12, -9/217 HPs)
             Began as a Naga Berserker on Apr 11, 2024.
             Was a Priest of Trog.
             Mangled by a sixfirhy (10 damage)
             ... on level 11 of the Dungeon.
             The game lasted 00:17:50 (9730 turns).

spaghetti the Warrior (Naga Berserker)              Turns: 9730, Time: 00:17:50

Health: -9/217     AC:  8    Str: 23    XL:     12   Next: 64%
Magic:  12/12      EV: 18    Int:  7    God:    Trog [***...]
Gold:   673        SH: 14    Dex: 25    Spells: 11/11 levels left

rFire   . . .        I - +10 short sword "Boinuap" {drain, rPois Str+2}
rCold   x . .        w - +2 kite shield
rNeg    . . .        h - +0 leather armour of the Pirate {-Tele Regen+ Dex+6}
rPois   +            O - +1 helmet
rElec   .            P - +0 cloak
rCorr   .            (no gloves)
SInv    +            (no barding)
Will    +....        j - amulet of faith Stlth
                     o - +6 ring of dexterity
HPRegen 1.36/turn    p - +5 ring of evasion
MPRegen 0.13/turn

%: no teleportation, faith
@: berserking, quick
A: AC +4, large, see invisible, deformed body, poison resistance, slowness 2,
spit poison 1, naga tail 1, clumsy 1, screaming 1, cold vulnerability 1
a: Spit Poison, Renounce Religion, Berserk, Trog's Hand


You were on level 11 of the Dungeon.
You worshipped Trog.
Trog was most pleased with you.
You visited 1 branch of the dungeon, and saw 11 of its levels.
You visited the Abyss 1 time.

You collected 791 gold pieces.
You spent 118 gold pieces at shops.

Inventory:

Hand Weapons
 v - the +9 trident of Beedaril {venom, Dex+3}
   (You took it off a gnoll sergeant on level 3 of the Dungeon)

   Dex+3:     It affects your dexterity (+3).
 G - a +0 lajatang
 I - the +10 short sword "Boinuap" (weapon) {drain, rPois Str+2}
   (You found it on level 7 of the Dungeon)

   Str+2:     It affects your strength (+2).
   rPois:     It protects you from poison.
Missiles
 d - 6 silver javelins
 g - 26 poisoned darts
 i - 76 stones
 m - a throwing net
 L - 3 javelins
Armour
 h - the +0 leather armour of the Pirate (worn) {-Tele Regen+ Dex+6}
   (You found it on level 3 of the Dungeon)

   Dex+6:     It affects your dexterity (+6).
   -Tele:     It prevents most forms of teleportation.
   Regen+:    It increases your rate of health regeneration.
 w - a +2 kite shield (worn)
 O - a +1 helmet (worn)
 P - a +0 cloak (worn)
Jewellery
 f - a ring of positive energy
 j - an amulet of faith (around neck)
 o - a +6 ring of dexterity (left hand)
 p - a +5 ring of evasion (right hand)
 r - an amulet of reflection
 t - a ring of protection from cold
 z - an amulet of regeneration
 N - a ring of positive energy
 Q - a ring of protection from fire
Wands
 a - a wand of quicksilver (5)
 e - a wand of roots (3)
 x - a wand of polymorph (6)
 B - a wand of charming (13)
 K - a wand of digging (3)
Scrolls
 b - 2 scrolls of identify
 k - 4 scrolls of enchant armour
 l - 5 scrolls of teleportation
 n - 3 scrolls of vulnerability
 u - 2 scrolls of silence
 y - 2 scrolls of noise
 A - a scroll of immolation
 H - a scroll of blinking
 J - a scroll of poison
 M - 3 scrolls of fog
Potions
 c - 3 potions of curing
 q - 3 potions of haste
 s - 4 potions of magic
 C - a potion of cancellation
 F - 2 potions of might


   Skills:
 - Level 20.0 Fighting
 - Level 1.5 Armour
 - Level 7.8 Dodging
 - Level 6.7 Shields
 - Level 8.4 Unarmed Combat
 + Level 0.0 Evocations


You had 11 spell levels left.
You didn't know any spells.
Your spell library contained the following spells:

 Spells                   Type           Power      Damage    Failure   Level
 Apportation              Tloc           0%         N/A       71%         1
 Jinxbite                 Hex            0%         N/A       85%         2
 Volatile Blastmotes      Fire/Tloc      0%         2d10      97%         3
 Fulminant Prism          Conj/Alch      0%         3d5       100%        4
 Iskenderun's Mystic Bla Conj/Tloc 0%             2d3        (+2d1     100%        4
 Alistair's Intoxication  Alch           0%         N/A       100%        5


Dungeon Overview and Level Annotations

Branches:
Dungeon (11/15)            Temple (0/1) D:7            Lair (0/5) D:8
    Orc (0/2) D:10

Altars:
Dithmenos
Wu Jian
Yredelemnul
The Shining One

Shops:
D:5 *   D:6 !   D:9 *   D:10 *

Annotations:
D:11 3 runed translucent doors


Innate Abilities, Weirdness & Mutations

Your serpentine skin is tough. (AC +4)
You have supernaturally acute eyesight. (SInv)
Armour fits poorly on your strangely shaped body.
Your system is resistant to poisons. (rPois)
You cover ground very slowly.
You can spit poison.
You have a snake-like lower body.
You are clumsy. (Dex -2)
You occasionally shout uncontrollably at your foes.
You are vulnerable to cold. (rC-)


Message History

The spark wasp easily resists.
Your black bear bites the spark wasp.
Your black bear claws the spark wasp!
Your black bear claws the spark wasp but does no damage.
You block the spark wasp's attack. The storm dragon bites you.
You block the storm dragon's attack.
The storm dragon tramples you but does no damage.
Your black bear misses the spark wasp.
Your black bear claws the spark wasp.
Your black bear closely misses the spark wasp.
You block the spark wasp's attack.
Unknown command.
Unknown command.
Unknown command.
Aiming: Charm
Press: ? - help, Shift-Dir - straight line, f/p - spark wasp
Aim: a spark wasp (moderately wounded, ally target, chance to affect: 31%)
The spark wasp easily resists.
The sixfirhy hits your black bear! The sixfirhy shocks your black bear!
Your black bear closely misses the spark wasp. x2
Your black bear claws the spark wasp.
The spark wasp stings you!
* * * LOW HITPOINT WARNING * * *
The spark wasp shocks you!
* * * LOW HITPOINT WARNING * * *
The storm dragon bites you!
* * * LOW HITPOINT WARNING * * *
The storm dragon completely misses you. The storm dragon tramples you.
* * * LOW HITPOINT WARNING * * *
You stumble backwards!
Unknown command.
Unknown command.
Unknown command.
A red film seems to cover your vision as you go berserk!
You feel yourself moving faster!
You feel mighty! You block the sixfirhy's attack.
The sixfirhy hits you but does no damage.
Your black bear closely misses the spark wasp.
Your black bear barely misses the spark wasp.
Your black bear claws the spark wasp.
The sixfirhy hits you.
* * * LOW HITPOINT WARNING * * *
The sixfirhy shocks you!
You die...

###.# #...#...........#...#
....###...#...........#.###
##.......###3........####
#.####### ß.......ß #.#
#.....# ##.### ###'###
.....# ##...h.# ####.#
##..3Dy## #.#######...3@.#
#......(..######
###########


You could see a storm dragon, a spark wasp (ally target), 2 sixfirhies and a
friendly black bear (summoned, berserk).

Vanquished Creatures
  Erolcha (D:9)
  5 two-headed ogres
  A wretched star (Abyss:1)
  A cyclops (D:11)
  Maurice (D:9)
  2 gargoyles
  A kobold demonologist (D:9)
  3 komodo dragons
  4 trolls
  Sigmund (D:2)
  A vampire (D:6)
  3 wraiths
  4 wyverns
  11 yaks
  A basilisk (D:8)
  2 golden eyes (Abyss:3)
  3 steam dragons
  2 acid dragons (D:11)
  A small abomination (Abyss:3)
  3 water moccasins
  A sky beast (D:6)
  2 ice beasts
  2 orc warriors
  2 ogres
  2 black bears
  A phantom (D:4)
  The ghost of D0namaru the Grave Robber, an amateur DsNe (D:3)
  5 centaurs
  3 kobold brigands
  Blork the orc (D:4)
  4 bullfrogs
  A gnoll sergeant (D:3)
  3 scorpions
  5 wights (D:7)
  15 killer bees
  2 howler monkeys
  7 hounds
  A jelly (D:6)
  A quasit (Abyss:1)
  4 orc priests
  3 bombardier beetles (D:5)
  2 starcursed masses (Abyss:1)
  A gnoll bouda (D:3)
  13 orc wizards
  3 iguanas (D:5)
  7 adders
  9 gnolls
  A shadow imp (D:7)
  A white imp (D:6)
  An ufetubus (Abyss:1)
  3 dart slugs
  5 ribbon worms
  26 orcs
  8 ball pythons
  3 bats
  7 endoplasms
  3 giant cockroaches
  5 goblins
  3 hobgoblins
  8 jackals
  24 kobolds
  5 quokkas
  3 frilled lizards
  2 rats (D:1)
260 creatures vanquished.

Vanquished Creatures (collateral kills)
  A tentacled starspawn (Abyss:1)
  A thrashing horror (Abyss:1)
  A large abomination (Abyss:1)
  4 golden eyes (Abyss:3)
  A weeping skull (Abyss:1)
  A killer bee (D:9)
  An orc priest (D:9)
  6 starcursed masses (Abyss:1)
  A shadow imp (Abyss:1)
  An ufetubus (Abyss:1)
18 creatures vanquished.

Vanquished Creatures (others)
  2 starspawn tentacles (Abyss:1)
2 creatures vanquished.

Grand Total: 280 creatures vanquished

Notes
Turn   | Place    | Note
-------+----------+-------------------------------------------
     0 | D:1      | spaghetti the Naga Berserker began the quest for the Orb.
     0 | D:1      | Reached XP level 1. HP: 21/21 MP: 1/1
   237 | D:1      | Reached XP level 2. HP: 28/28 MP: 2/2
   998 | D:2      | Reached XP level 3. HP: 19/34 MP: 3/3
  1253 | D:2      | Reached XP level 4. HP: 19/42 MP: 4/4
  1453 | D:2      | Noticed Sigmund
  1461 | D:2      | Killed Sigmund
  1462 | D:2      | Reached XP level 5. HP: 49/49 MP: 5/5
  1462 | D:2      | Reached XP level 6. HP: 56/56 MP: 6/6
  1675 | D:2      | Reached ** piety under Trog
  1874 | D:3      | Identified the +0 leather armour of the Pirate {-Tele
                  | Regen+ Dex+6}
  2201 | D:3      | Identified the +9 trident of Beedaril {venom, Dex+3}
  2206 | D:3      | Found a transporter.
  2298 | D:3      | Found a transporter.
  2666 | D:3      | Noticed D0namaru's ghost (amateur DsNe)
  2940 | D:4      | Reached XP level 7. HP: 53/62 MP: 7/7
  3098 | D:4      | Reached *** piety under Trog
  3246 | D:4      | Found a shadowy altar of Dithmenos.
  3250 | D:4      | Found a basalt altar of Yredelemnul.
  3419 | D:4      | Found an ornate altar of the Wu Jian Council.
  3457 | D:4      | Noticed Blork the orc
  3467 | D:4      | Killed Blork the orc
  3573 | D:3      | Gained mutation: You are frail. (-10% HP) [potion of
                  | mutation]
  3573 | D:3      | Gained mutation: You expend magic power (3 MP) to
                  | strengthen your wands. [potion of mutation]
  3577 | D:3      | Killed D0namaru's ghost
  3578 | D:3      | Reached XP level 8. HP: 62/62 MP: 8/8
  3844 | D:5      | Entered Level 5 of the Dungeon
  3863 | D:5      | Reached skill level 1 in Shields
  3975 | D:5      | Reached skill level 4 in Fighting
  4053 | D:5      | Reached skill level 5 in Dodging
  4138 | D:5      | Reached skill level 5 in Fighting
  4158 | D:5      | Found Ewusoed's Elemental Accessories.
  4378 | D:5      | Reached **** piety under Trog
  4379 | D:5      | Reached XP level 9. HP: 58/73 MP: 9/9
  4686 | D:6      | Reached skill level 6 in Fighting
  4769 | D:6      | Reached skill level 7 in Fighting
  4816 | D:6      | Found Coriyluwk's Distillery.
  4821 | D:6      | Bought a potion of berserk rage for 50 gold pieces
  4821 | D:6      | Bought a potion of might for 40 gold pieces
  5033 | D:6      | Noticed a gargoyle
  5043 | D:6      | Killed a gargoyle
  5048 | D:6      | Reached skill level 8 in Fighting
  5093 | D:6      | Noticed a two-headed ogre
  5100 | D:6      | Killed a two-headed ogre
  5101 | D:6      | Reached skill level 9 in Fighting
  5101 | D:6      | Reached skill level 5 in Shields
  5101 | D:6      | Reached XP level 10. HP: 81/89 MP: 10/10
  5324 | D:7      | Identified a scroll of acquirement
  5324 | D:7      | Acquired a manual of Fighting
  5696 | D:7      | Found a staircase to the Ecumenical Temple.
  5718 | D:7      | Reached skill level 10 in Fighting
  5742 | D:7      | Identified the +10 short sword "Boinuap" {drain, rPois
                  | Str+2}
  5963 | D:7      | Reached skill level 11 in Fighting
  6564 | D:8      | Reached skill level 12 in Fighting
  6597 | D:8      | Found a staircase to the Lair.
  6604 | D:8      | Reached skill level 13 in Fighting
  7000 | D:9      | Noticed Maurice
  7008 | D:9      | Maurice stole a ring of protection from cold
  7011 | D:9      | Killed Maurice
  7012 | D:9      | Reached skill level 14 in Fighting
  7142 | D:9      | Reached XP level 11. HP: 108/108 MP: 11/11
  7152 | D:9      | Reached skill level 15 in Fighting
  7212 | D:9      | Reached ***** piety under Trog
  7313 | D:9      | Noticed Erolcha
  7317 | Abyss:1  | Cast into level 1 of the Abyss (Erolcha)
  7329 | Abyss:1  | Noticed a wretched star
  7343 | Abyss:1  | Killed a wretched star
  7344 | Abyss:1  | Reached skill level 16 in Fighting
  7383 | Abyss:1  | Noticed a tentacled starspawn
  7389 | Abyss:1  | Killed a tentacled starspawn
  7390 | Abyss:1  | Reached skill level 17 in Fighting
  7390 | Abyss:1  | Noticed a starcursed mass
  7390 | Abyss:1  | Noticed a large abomination
  7393 | Abyss:1  | Killed a large abomination
  7404 | Abyss:1  | Killed a starcursed mass
  7407 | Abyss:1  | Killed a starcursed mass
  7408 | Abyss:1  | Noticed a thrashing horror
  7412 | Abyss:1  | Killed a thrashing horror
  7413 | Abyss:1  | Reached skill level 18 in Fighting
  7448 | Abyss:1  | Noticed a purple very ugly thing
  7448 | Abyss:1  | Noticed a purple very ugly thing
  7448 | Abyss:1  | Noticed a purple ugly thing
  7449 | Abyss:1  | Noticed a purple ugly thing
  7496 | D:9      | Escaped the Abyss
  7524 | D:9      | Killed Erolcha
  7595 | D:9      | Reached skill level 19 in Fighting
  7617 | D:9      | Found Tiblopun's General Store.
  7626 | D:9      | Bought a scroll of identify for 28 gold pieces
  7684 | D:9      | Found a glowing golden altar of the Shining One.
  7684 | D:9      | Noticed a two-headed ogre
  7705 | D:9      | Killed a two-headed ogre
  7706 | D:9      | Reached XP level 12. HP: 127/127 MP: 12/12
  8031 | D:10     | Entered Level 10 of the Dungeon
  8166 | D:10     | Found a staircase to the Orcish Mines.
  8231 | D:10     | Found Gere's General Store.
  8241 | D:10     | Lost mutation: You expend magic power (3 MP) to strengthen
                  | your wands. [potion of mutation]
  8241 | D:10     | Lost mutation: You are frail. (-10% HP) [potion of
                  | mutation]
  8241 | D:10     | Gained mutation: You occasionally shout uncontrollably at
                  | your foes. [potion of mutation]
  8241 | D:10     | Gained mutation: You are vulnerable to cold. (rC-) [potion
                  | of mutation]
  8241 | D:10     | Gained mutation: You are clumsy. (Dex -2) [potion of
                  | mutation]
  8649 | D:10     | Reached skill level 20 in Fighting
  8880 | D:11     | Noticed a two-headed ogre
  8890 | D:11     | Killed a two-headed ogre
  8992 | D:11     | Noticed a two-headed ogre
  8994 | D:11     | Noticed a two-headed ogre
  9013 | D:11     | Killed a two-headed ogre
  9016 | D:11     | Killed a two-headed ogre
  9059 | D:11     | Found a runed translucent door.
  9062 | D:11     | Noticed a spark wasp
  9065 | D:11     | Noticed a storm dragon
  9066 | D:11     | Found a runed translucent door.
  9066 | D:11     | Found the +5 Storm Queen's Shield {shock, Fly rElec}
  9067 | D:11     | Noticed a spark wasp
  9069 | D:11     | Noticed a shock serpent
  9206 | D:11     | Found a runed translucent door.
  9427 | D:11     | Found a runed translucent door.
  9729 | D:11     | HP: 7/145 [storm dragon (15)]
  9729 | D:11     | HP: 3/145 [storm dragon (4)]
  9730 | D:11     | HP: 1/217 [sixfirhy (5)]
  9730 | D:11     | Mangled by a sixfirhy

Illustrated notes

Levels and vault maps discovered:
D:1:      dpeg_arrival_tiny_j, layout_basic, kennysheep_minor_cross,
          feat_on_display
D:2:      layout_rooms, uniq_sigmund
D:3:      layout_basic, gammafunk_ghost_gnarly_gnolls,
          minmay_fractal_squares_diagonal_5
D:4:      layout_gridville, lemuel_round_altar, jmf_multi_god_temple2,
          serial_park_tiny_1, corexii_leaking_fountain, uniq_blork_the_orc
D:5:      layout_cave_pods, glass_columns_c, nicolae_elemental_shop,
          grunt_ministairs_2
D:6:      layout_cave_pools, serial_shops, shop, hangedman_minor_gate_pass
D:7:      layout_gridville, minmay_temple_entry_ruins
D:8:      layout_basic, erik_lair_dragon
D:9:      layout_roguey, mainiacjoe_overflow_concentric_impassable,
          serial_shops, shop, uniq_maurice, uniq_erolcha
D:10:     layout_irregular_city, nicolae_overflow_hidden_temple, david_orc_2,
          serial_shops, shop
D:11:     layout_basic, portal_ice_cave_entry_pillars_1,
          nicolae_guarded_unrand_storm_shield

Skill      XL: |  1  2  3  4  5  6  7  8  9 10 11 12 |
---------------+-------------------------------------+-----
Unarmed Combat | 4 6 7 8 |  8.4
Dodging        | 2 4 5 6 7 |  7.8
Shields        | 3 5 6 |  6.7
Fighting       | 5 9 14 19 20 | 20.0
Armour         | |  1.5

Action                     |  1- 3 |  4- 6 |  7- 9 | 10-12 || total
---------------------------+-------+-------+-------+-------++-------
  Melee: Unarmed           |    53 |    90 |   108 |       ||   251
         Punch             |     1 |     3 |       |       ||     4
         Trident           |       |       |   118 |    36 ||   154
         Short sword       |       |       |       |   390 ||   390
 Invoke: Berserk           |     3 |     1 |     3 |     9 ||    16
         Trog's Hand       |       |       |     2 |     2 ||     4
         Brothers in Arms  |       |       |       |     8 ||     8
Ability: Spit Poison       |    17 |    22 |    33 |    45 ||   117
  Evoke: Wand              |       |       |       |     5 ||     5
    Use: Scroll            |     4 |     4 |     5 |     5 ||    18
         Potion            |       |     6 |     3 |    11 ||    20
   Stab: Sleeping          |       |       |     1 |       ||     1
 Armour: Animal skin       |    51 |    22 |       |       ||    73
         Leather armour    |       |    37 |   120 |   208 ||   365
         Skin              |       |       |    16 |       ||    16
  Dodge: Dodged            |    34 |    33 |   118 |   376 ||   561
  Block: Buckler           |       |       |    28 |       ||    28
         Kite shield       |       |       |   106 |   442 ||   548

Table legend: (Time is in decaauts)
 A = Elapsed time spent in this place.
 B = Non-inter-level travel time spent in this place.
 C = Inter-level travel time spent in this place.
 D = Time resting spent in this place.
 E = Time spent auto-exploring this place.
 F = Levels seen in this place.
 G = Mean time per level.
                   A        B        C        D        E       F      G
               +--------+--------+--------+--------+--------+-----+--------+
         Total |  12865 |  12108 |    757 |    513 |   9450 |  14 |  918.9 |
       Dungeon |  12637 |  11880 |    757 |    462 |   9398 |  11 | 1148.8 |
         Abyss |    228 |    228 |      0 |     51 |     52 |   3 |   76.0 |
               +--------+--------+--------+--------+--------+-----+--------+

Top non-repeatable levels by time:
     D:3: 1614 daAuts
    D:11: 1405 daAuts
     D:1: 1299 daAuts
     D:8: 1179 daAuts
     D:5: 1144 daAuts
     D:7: 1131 daAuts
     D:9: 1122 daAuts
     D:4: 1049 daAuts
     D:2: 993 daAuts
    D:10: 872 daAuts
     D:6: 823 daAuts
 Abyss:1: 187 daAuts
 Abyss:3: 36 daAuts
 Abyss:2: 4 daAuts
